Workbook

Sheet Kanaalmarketingbudget
A1: BUDGET VOOR KANAALMARKETING
A2: Beschrijving | B2: Verhouding | C2: Maand 1 | D2: Maand 2 | E2: Maand 3 | F2: Maand 4 | G2: Maand 5 | H2: Maand 6 | I2: Maand 7 | J2: Maand 8 | K2: Maand 9 | L2: Maand 10 | M2: Maand 11 | N2: Maand 12 | O2: Totaal
A3: VERWACHTE OMZET TOTAAL £ (000) | C3: 750 | D3: 200 | E3: 500 | F3: 1500 | G3: 1200 | H3: 1500 | I3: 1500 | J3: 1800 | K3: 2000 | L3: 2000 | M3: 2000 | N3: 2000 | O3: =SUM(C3:N3) -> 16950
A4: Personeelszaken | B4: Verhouding | C4: Maand 1 | D4: Maand 2 | E4: Maand 3 | F4: Maand 4 | G4: Maand 5 | H4: Maand 6 | I4: Maand 7 | J4: Maand 8 | K4: Maand 9 | L4: Maand 10 | M4: Maand 11 | N4: Maand 12 | O4: Totaal
A5: PERSONEEL (% VAN DE TOTALE OMZET) | C5: =C11+C33+C41+C48 -> 1.1 | D5: =D11+D33+D41+D48 -> 1.1 | E5: =E11+E33+E41+E48 -> 1.1 | F5: =F11+F33+F41+F48 -> 1.1 | G5: =G11+G33+G41+G48 -> 1.1 | H5: =H11+H33+H41+H48 -> 1.1 | I5: =I11+I33+I41+I48 -> 1.1 | J5: =J11+J33+J41+J48 -> 1.1 | ... N5: =N11+N33+N41+N48 -> 0.85
A6: Human Resources – Aantal medewerkers | B6: 5 | C6: =+$B$6 -> 5 | D6: =+$B$6 -> 5 | E6: =+$B$6 -> 5 | F6: =+$B$6 -> 5 | G6: =+$B$6 -> 5 | H6: =+$B$6 -> 5 | I6: =+$B$6 -> 5 | J6: =+$B$6 -> 5 | ... N6: =+$B$6 -> 5
A7: Human Resources – Kosten | C7: =$B$6*C6 -> 25 | D7: =$B$6*D6 -> 25 | E7: =$B$6*E6 -> 25 | F7: =$B$6*F6 -> 25 | G7: =$B$6*G6 -> 25 | H7: =$B$6*H6 -> 25 | I7: =$B$6*I6 -> 25 | J7: =$B$6*J6 -> 25 | ... N7: =$B$6*N6 -> 25 | O7: =SUM(Kanaalmarketingbudget!$C7:$N7) -> 300
A8: Commissie | B8: 0.001 | C8: =C3*$B$8 -> 0.75 | D8: =D3*$B$8 -> 0.2 | E8: =E3*$B$8 -> 0.5 | F8: =F3*$B$8 -> 1.5 | G8: =G3*$B$8 -> 1.2 | H8: =H3*$B$8 -> 1.5 | I8: =I3*$B$8 -> 1.5 | J8: =J3*$B$8 -> 1.8 | ... N8: =N3*$B$8 -> 2 | O8: =SUM(Kanaalmarketingbudget!$C8:$N8) -> 16.95
A9: Personeel Totaal £ (000) | C9: =SUM(C7:C8) -> 25.75 | D9: =SUM(D7:D8) -> 25.2 | E9: =SUM(E7:E8) -> 25.5 | F9: =SUM(F7:F8) -> 26.5 | G9: =SUM(G7:G8) -> 26.2 | H9: =SUM(H7:H8) -> 26.5 | I9: =SUM(I7:I8) -> 26.5 | J9: =SUM(J7:J8) -> 26.8 | ... O9: =SUM(O7:O8) -> 316.95
A10: Direct Marketing Artikelen | B10: Verhouding | C10: Maand 1 | D10: Maand 2 | E10: Maand 3 | F10: Maand 4 | G10: Maand 5 | H10: Maand 6 | I10: Maand 7 | J10: Maand 8 | K10: Maand 9 | L10: Maand 10 | M10: Maand 11 | N10: Maand 12 | O10: Totaal
A11: DIRECT MARKETING (% VAN DE TOTALE OMZET) | C11: 1 | D11: 1 | E11: 0.75 | F11: 0.4 | G11: 0.33 | H11: 0.25 | I11: 0.2 | J11: 0.1 | K11: 0.05 | L11: 0.05 | M11: 0.05 | N11: 0.05
A12: Telemarketing (% van de directe verkoop) | C12: 1 | D12: 0.5 | E12: 0.5 | F12: 0.5 | G12: 0.5 | H12: 0.5 | I12: 0.5 | J12: 0.5 | K12: 0.5 | L12: 0.5 | M12: 0.5 | N12: 0.5
A13: Human Resources – Aantal medewerkers | B13: 3 | C13: =$B$13*C12 -> 3 | D13: =$B$13*D12 -> 1.5 | E13: =$B$13*E12 -> 1.5 | F13: =$B$13*F12 -> 1.5 | G13: =$B$13*G12 -> 1.5 | H13: =$B$13*H12 -> 1.5 | I13: =$B$13*I12 -> 1.5 | J13: =$B$13*J12 -> 1.5 | ... N13: =$B$13*N12 -> 1.5 | O13: =SUM(Kanaalmarketingbudget!$C13:$N13) -> 19.5
A14: Ondersteuning voor infrastructuur | C14: 25 | D14: 10 | E14: 25 | F14: 10 | G14: 25 | H14: 10 | I14: 25 | J14: 10 | K14: 25 | L14: 10 | M14: 25 | N14: 10 | O14: =SUM(Kanaalmarketingbudget!$C14:$N14) -> 210
A15: Commissie | B15: 0.001 | C15: =$B$15*C3*C11*C12 -> 0.75 | D15: =$B$15*D3*D11*D12 -> 0.1 | E15: =$B$15*E3*E11*E12 -> 0.1875 | F15: =$B$15*F3*F11*F12 -> 0.3 | G15: =$B$15*G3*G11*G12 -> 0.198 | H15: =$B$15*H3*H11*H12 -> 0.1875 | I15: =$B$15*I3*I11*I12 -> 0.15 | J15: =$B$15*J3*J11*J12 -> 0.09 | ... N15: =$B$15*N3*N11*N12 -> 0.05 | O15: =SUM(Kanaalmarketingbudget!$C15:$N15) -> 2.163
A16: Opleiding | C16: 25 | D16: 10 | E16: 25 | F16: 10 | G16: 25 | H16: 10 | I16: 25 | J16: 10 | K16: 25 | L16: 10 | M16: 25 | N16: 10 | O16: =SUM(Kanaalmarketingbudget!$C16:$N16) -> 210
A17: Telemarketing Totaal £(000) | C17: =SUM(C13:C16) -> 53.75 | D17: =SUM(D13:D16) -> 21.6 | E17: =SUM(E13:E16) -> 51.6875 | F17: =SUM(F13:F16) -> 21.8 | G17: =SUM(G13:G16) -> 51.698 | H17: =SUM(H13:H16) -> 21.6875 | I17: =SUM(I13:I16) -> 51.65 | J17: =SUM(J13:J16) -> 21.59 | ... O17: =SUM(O13:O16) -> 441.663
A18: Internet Marketing Artikelen | B18: Verhouding | C18: Maand 1 | D18: Maand 2 | E18: Maand 3 | F18: Maand 4 | G18: Maand 5 | H18: Maand 6 | I18: Maand 7 | J18: Maand 8 | K18: Maand 9 | L18: Maand 10 | M18: Maand 11 | N18: Maand 12 | O18: Totaal
A19: Internetmarketing (% van de directe verkoop) | C19: 0.25 | D19: 0.25 | E19: 0.25 | F19: 0.25 | G19: 0.25 | H19: 0.25 | I19: 0.25 | J19: 0.25 | K19: 0.25 | L19: 0.25 | M19: 0.25 | N19: 0.25
A20: Human Resources – Aantal medewerkers | B20: 1 | C20: =$B$20*C19 -> 0.25 | D20: =$B$20*D19 -> 0.25 | E20: =$B$20*E19 -> 0.25 | F20: =$B$20*F19 -> 0.25 | G20: =$B$20*G19 -> 0.25 | H20: =$B$20*H19 -> 0.25 | I20: =$B$20*I19 -> 0.25 | J20: =$B$20*J19 -> 0.25 | ... N20: =$B$20*N19 -> 0.25 | O20: =SUM(Kanaalmarketingbudget!$C20:$N20) -> 3
A21: Ontwikkeling van de website (eenmalige kosten) | C21: 500 | O21: =SUM(Kanaalmarketingbudget!$C21:$N21) -> 500
A22: Gastvrijheid | C22: 10 | D22: 10 | E22: 10 | F22: 10 | G22: 10 | H22: 10 | I22: 10 | J22: 10 | K22: 10 | L22: 10 | M22: 10 | N22: 10 | O22: =SUM(Kanaalmarketingbudget!$C22:$N22) -> 120
A23: Ondersteuning en onderhoud | C23: 25 | M23: 25 | O23: =SUM(Kanaalmarketingbudget!$C23:$N23) -> 50
A24: Internet Marketing Totaal £ (000) | C24: =SUM(C20:C23) -> 535.25 | D24: =SUM(D20:D23) -> 10.25 | E24: =SUM(E20:E23) -> 10.25 | F24: =SUM(F20:F23) -> 10.25 | G24: =SUM(G20:G23) -> 10.25 | H24: =SUM(H20:H23) -> 10.25 | I24: =SUM(I20:I23) -> 10.25 | J24: =SUM(J20:J23) -> 10.25 | ... O24: =SUM(O20:O23) -> 673
A25: Direct Mail-items | B25: Verhouding | C25: Maand 1 | D25: Maand 2 | E25: Maand 3 | F25: Maand 4 | G25: Maand 5 | H25: Maand 6 | I25: Maand 7 | J25: Maand 8 | K25: Maand 9 | L25: Maand 10 | M25: Maand 11 | N25: Maand 12 | O25: Totaal
A26: Direct mail (% van de directe verkoop)
A27: Human Resources – Kosten | O27: =SUM(Kanaalmarketingbudget!$C27:$N27) -> 0
A28: Materiaal | C28: 1000 | D28: 1000 | E28: 1000 | F28: 1000 | G28: 1000 | H28: 1000 | I28: 1000 | J28: 1000 | K28: 1000 | L28: 1000 | M28: 1000 | N28: 1000 | O28: =SUM(Kanaalmarketingbudget!$C28:$N28) -> 12000
A29: Frankering | C29: 250 | D29: 250 | E29: 250 | F29: 250 | G29: 250 | H29: 250 | I29: 250 | J29: 250 | K29: 250 | L29: 250 | M29: 250 | N29: 250 | O29: =SUM(Kanaalmarketingbudget!$C29:$N29) -> 3000
A30: Direct Mail Totaal £ (000) | C30: =SUM(C27:C29) -> 1250 | D30: =SUM(D27:D29) -> 1250 | E30: =SUM(E27:E29) -> 1250 | F30: =SUM(F27:F29) -> 1250 | G30: =SUM(G27:G29) -> 1250 | H30: =SUM(H27:H29) -> 1250 | I30: =SUM(I27:I29) -> 1250 | J30: =SUM(J27:J29) -> 1250 | ... O30: =SUM(O27:O29) -> 15000
A31: Direct marketing Totaal £ (000) | C31: =SUM(DirectMail[[#Totals],[Maand 1]],InternetMarketing[[#Totals],[Maand 1]],DirectMarketing[[#Totals],[Maand 1]]) -> 1839 | D31: =SUM(DirectMail[[#Totals],[Maand 2]],InternetMarketing[[#Totals],[Maand 2]],DirectMarketing[[#Totals],[Maand 2]]) -> 1281.85 | E31: =SUM(DirectMail[[#Totals],[Maand 3]],InternetMarketing[[#Totals],[Maand 3]],DirectMarketing[[#Totals],[Maand 3]]) -> 1311.9375 | F31: =SUM(DirectMail[[#Totals],[Maand 4]],InternetMarketing[[#Totals],[Maand 4]],DirectMarketing[[#Totals],[Maand 4]]) -> 1282.05 | G31: =SUM(DirectMail[[#Totals],[Maand 5]],InternetMarketing[[#Totals],[Maand 5]],DirectMarketing[[#Totals],[Maand 5]]) -> 1311.948 | H31: =SUM(DirectMail[[#Totals],[Maand 6]],InternetMarketing[[#Totals],[Maand 6]],DirectMarketing[[#Totals],[Maand 6]]) -> 1281.9375 | I31: =SUM(DirectMail[[#Totals],[Maand 7]],InternetMarketing[[#Totals],[Maand 7]],DirectMarketing[[#Totals],[Maand 7]]) -> 1311.9 | J31: =SUM(DirectMail[[#Totals],[Maand 8]],InternetMarketing[[#Totals],[Maand 8]],DirectMarketing[[#Totals],[Maand 8]]) -> 1281.84 | K31: =SUM(DirectMail[[#Totals],[Maand 9]],InternetMarketing[[#Totals],[Maand 9]],DirectMarketing[[#Totals],[Maand 9]]) -> 1311.8 | L31: =SUM(DirectMail[[#Totals],[Maand 10]],InternetMarketing[[#Totals],[Maand 10]],DirectMarketing[[#Totals],[Maand 10]]) -> 1281.8 | M31: =SUM(DirectMail[[#Totals],[Maand 11]],InternetMarketing[[#Totals],[Maand 11]],DirectMarketing[[#Totals],[Maand 11]]) -> 1336.8 | N31: =SUM(DirectMail[[#Totals],[Maand 12]],InternetMarketing[[#Totals],[Maand 12]],DirectMarketing[[#Totals],[Maand 12]]) -> 1281.8 | O31: =SUM(O30,O24,O17,O9) -> 16431.613
A32: Agent/Makelaar Items | B32: Verhouding | C32: Maand 1 | D32: Maand 2 | E32: Maand 3 | F32: Maand 4 | G32: Maand 5 | H32: Maand 6 | I32: Maand 7 | J32: Maand 8 | K32: Maand 9 | L32: Maand 10 | M32: Maand 11 | N32: Maand 12 | O32: Totaal
A33: AGENT/MAKELAAR (% VAN DE TOTALE OMZET) | C33: 0.1 | D33: 0.1 | E33: 0.1 | F33: 0.1 | G33: 0.1 | H33: 0.1 | I33: 0.1 | J33: 0.1 | K33: 0.1 | L33: 0.1 | M33: 0.1 | N33: 0.1
A34: Communicatie | C34: 50 | D34: 50 | E34: 50 | F34: 50 | G34: 50 | H34: 50 | I34: 50 | J34: 50 | K34: 50 | L34: 50 | M34: 50 | N34: 50 | O34: =SUM(Kanaalmarketingbudget!$C34:$N34) -> 600
A35: Opleiding | C35: 250 | D35: 250 | E35: 250 | F35: 250 | G35: 250 | H35: 250 | I35: 250 | J35: 250 | K35: 250 | L35: 250 | M35: 250 | N35: 250 | O35: =SUM(Kanaalmarketingbudget!$C35:$N35) -> 3000
A36: Promoties | C36: 600 | D36: 600 | E36: 600 | F36: 600 | G36: 600 | H36: 600 | I36: 600 | J36: 600 | K36: 600 | L36: 600 | M36: 600 | N36: 600 | O36: =SUM(Kanaalmarketingbudget!$C36:$N36) -> 7200
A37: Kortingen | B37: 0.1 | C37: =C3*C33*$B$37 -> 7.5 | D37: =D3*D33*$B$37 -> 2 | E37: =E3*E33*$B$37 -> 5 | F37: =F3*F33*$B$37 -> 15 | G37: =G3*G33*$B$37 -> 12 | H37: =H3*H33*$B$37 -> 15 | I37: =I3*I33*$B$37 -> 15 | J37: =J3*J33*$B$37 -> 18 | ... N37: =N3*N33*$B$37 -> 20 | O37: =SUM(Kanaalmarketingbudget!$C37:$N37) -> 169.5
A38: Commissie (% van de omzet van de agent) | B38: 0.1 | C38: =C3*C33*$B$38 -> 7.5 | D38: =D3*D33*$B$38 -> 2 | E38: =E3*E33*$B$38 -> 5 | F38: =F3*F33*$B$38 -> 15 | G38: =G3*G33*$B$38 -> 12 | H38: =H3*H33*$B$38 -> 15 | I38: =I3*I33*$B$38 -> 15 | J38: =J3*J33*$B$38 -> 18 | ... N38: =N3*N33*$B$38 -> 20 | O38: =SUM(Kanaalmarketingbudget!$C38:$N38) -> 169.5
A39: Agent/makelaar Totaal £ (000) | C39: =SUM(C34:C38) -> 915 | D39: =SUM(D34:D38) -> 904 | E39: =SUM(E34:E38) -> 910 | F39: =SUM(F34:F38) -> 930 | G39: =SUM(G34:G38) -> 924 | H39: =SUM(H34:H38) -> 930 | I39: =SUM(I34:I38) -> 930 | J39: =SUM(J34:J38) -> 936 | ... O39: =SUM(O34:O38) -> 11139
A40: Distributeur artikelen | B40: Verhouding | C40: Maand 1 | D40: Maand 2 | E40: Maand 3 | F40: Maand 4 | G40: Maand 5 | H40: Maand 6 | I40: Maand 7 | J40: Maand 8 | K40: Maand 9 | L40: Maand 10 | M40: Maand 11 | N40: Maand 12 | O40: Totaal
A41: DISTRIBUTEURS (% VAN DE TOTALE OMZET) | C41: 0 | D41: 0 | E41: 0 | F41: 0 | G41: 0 | H41: 0.15 | I41: 0.2 | J41: 0.4 | K41: 0.4 | L41: 0.4 | M41: 0.4 | N41: 0.4
A42: Communicatie | C42: 50 | D42: 50 | E42: 50 | F42: 50 | G42: 50 | H42: 50 | I42: 50 | J42: 50 | K42: 50 | L42: 50 | M42: 50 | N42: 50 | O42: =SUM(Kanaalmarketingbudget!$C42:$N42) -> 600
A43: Opleiding | C43: 250 | D43: 250 | E43: 250 | F43: 250 | G43: 250 | H43: 250 | I43: 250 | J43: 250 | K43: 250 | L43: 250 | M43: 250 | N43: 250 | O43: =SUM(Dstributors[[#This Row],[Maand 1]:[Maand 12]]) -> 3000
A44: Promoties | C44: 600 | D44: 600 | E44: 600 | F44: 600 | G44: 600 | H44: 600 | I44: 600 | J44: 600 | K44: 600 | L44: 600 | M44: 600 | N44: 600 | O44: =SUM(Dstributors[[#This Row],[Maand 1]:[Maand 12]]) -> 7200
A45: Commissie/kortingen (% van de omzet van distributeurs) | B45: 0.15 | C45: =C3*C41*$B$45 -> 0 | D45: =D3*D41*$B$45 -> 0 | E45: =E3*E41*$B$45 -> 0 | F45: =F3*F41*$B$45 -> 0 | G45: =G3*G41*$B$45 -> 0 | H45: =H3*H41*$B$45 -> 33.75 | I45: =I3*I41*$B$45 -> 45 | J45: =J3*J41*$B$45 -> 108 | ... N45: =N3*N41*$B$45 -> 120 | O45: =SUM(Dstributors[[#This Row],[Maand 1]:[Maand 12]]) -> 666.75
A46: Distributeur Totaal £ (000) | C46: =SUM(C42:C45) -> 900 | D46: =SUM(D42:D45) -> 900 | E46: =SUM(E42:E45) -> 900 | F46: =SUM(F42:F45) -> 900 | G46: =SUM(G42:G45) -> 900 | H46: =SUM(H42:H45) -> 933.75 | I46: =SUM(I42:I45) -> 945 | J46: =SUM(J42:J45) -> 1008 | ... O46: =SUM(O42:O45) -> 11466.75
A47: Detailhandelaar artikelen | B47: Verhouding | C47: Maand 1 | D47: Maand 2 | E47: Maand 3 | F47: Maand 4 | G47: Maand 5 | H47: Maand 6 | I47: Maand 7 | J47: Maand 8 | K47: Maand 9 | L47: Maand 10 | M47: Maand 11 | N47: Maand 12 | O47: Totaal
A48: DETAILHANDELAAR (% VAN DE TOTALE OMZET) | C48: 0 | D48: 0 | E48: 0.25 | F48: 0.6 | G48: 0.67 | H48: 0.6 | I48: 0.6 | J48: 0.5 | K48: 0.3 | L48: 0.3 | M48: 0.3 | N48: 0.3
A49: Communicatie | C49: 50 | D49: 50 | E49: 50 | F49: 50 | G49: 50 | H49: 50 | I49: 50 | J49: 50 | K49: 50 | L49: 50 | M49: 50 | N49: 50
A50: Opleiding | C50: 250 | D50: 250 | E50: 250 | F50: 250 | G50: 250 | H50: 250 | I50: 250 | J50: 250 | K50: 250 | L50: 250 | M50: 250 | N50: 250 | O50: =SUM(Kanaalmarketingbudget!$C49:$N49) -> 600
A51: Promoties | C51: 600 | D51: 600 | E51: 600 | F51: 600 | G51: 600 | H51: 600 | I51: 600 | J51: 600 | K51: 600 | L51: 600 | M51: 600 | N51: 600 | O51: =SUM(Kanaalmarketingbudget!$C50:$N50) -> 3000
A52: Commissie/kortingen (% van de detailhandelsverkopen) | B52: 0.1 | C52: =C3*C48*$B$52 -> 0 | D52: =D3*D48*$B$52 -> 0 | E52: =E3*E48*$B$52 -> 12.5 | F52: =F3*F48*$B$52 -> 90 | G52: =G3*G48*$B$52 -> 80.4 | H52: =H3*H48*$B$52 -> 90 | I52: =I3*I48*$B$52 -> 90 | J52: =J3*J48*$B$52 -> 90 | ... N52: =N3*N48*$B$52 -> 60 | O52: =SUM(Kanaalmarketingbudget!$C52:$N52) -> 692.9
A53: Detailhandelaar Totaal £(000) | C53: =SUM(C49:C52) -> 900 | D53: =SUM(D49:D52) -> 900 | E53: =SUM(E49:E52) -> 912.5 | F53: =SUM(F49:F52) -> 990 | G53: =SUM(G49:G52) -> 980.4 | H53: =SUM(H49:H52) -> 990 | I53: =SUM(I49:I52) -> 990 | J53: =SUM(J49:J52) -> 990 | ... N53: =SUM(N49:N52) -> 960 | O53: =SUM(O50:O52) -> 4292.9
A54: Klantenwerving en -behoud (CAR) artikelen | B54: Verhouding | C54: Maand 1 | D54: Maand 2 | E54: Maand 3 | F54: Maand 4 | G54: Maand 5 | H54: Maand 6 | I54: Maand 7 | J54: Maand 8 | K54: Maand 9 | L54: Maand 10 | M54: Maand 11 | N54: Maand 12 | O54: Totaal
A55: KLANTENWERVING EN -BEHOUD (CAR)
A56: Personeel | C56: 50 | D56: 50 | E56: 50 | F56: 50 | G56: 50 | H56: 50 | I56: 50 | J56: 50 | K56: 50 | L56: 50 | M56: 50 | N56: 50 | O56: =SUM(Kanaalmarketingbudget!$C56:$N56) -> 600
A57: Communicatie | C57: 250 | D57: 250 | E57: 250 | F57: 250 | G57: 250 | H57: 250 | I57: 250 | J57: 250 | K57: 250 | L57: 250 | M57: 250 | N57: 250 | O57: =SUM(Kanaalmarketingbudget!$C57:$N57) -> 3000
A58: Promoties/Vouchers | C58: 600 | D58: 600 | E58: 600 | F58: 600 | G58: 600 | H58: 600 | I58: 600 | J58: 600 | K58: 600 | L58: 600 | M58: 600 | N58: 600 | O58: =SUM(Kanaalmarketingbudget!$C58:$N58) -> 7200
A59: AUTO Totaal £(000) | C59: =SUM(C56:C58) -> 900 | D59: =SUM(D56:D58) -> 900 | E59: =SUM(E56:E58) -> 900 | F59: =SUM(F56:F58) -> 900 | G59: =SUM(G56:G58) -> 900 | H59: =SUM(H56:H58) -> 900 | I59: =SUM(I56:I58) -> 900 | J59: =SUM(J56:J58) -> 900 | ... O59: =SUM(O56:O58) -> 10800
A60: Overige kostenposten | B60: Verhouding | C60: Maand 1 | D60: Maand 2 | E60: Maand 3 | F60: Maand 4 | G60: Maand 5 | H60: Maand 6 | I60: Maand 7 | J60: Maand 8 | K60: Maand 9 | L60: Maand 10 | M60: Maand 11 | N60: Maand 12 | O60: Totaal
A61: OVERIGE UITGAVEN
A62: Reizen | C62: 50 | D62: 50 | E62: 50 | F62: 50 | G62: 50 | H62: 50 | I62: 50 | J62: 50 | K62: 50 | L62: 50 | M62: 50 | N62: 50 | O62: =SUM(Kanaalmarketingbudget!$C62:$N62) -> 600
A63: Infrastructuur (computers, telefoons etc.) | C63: 250 | D63: 250 | E63: 250 | F63: 250 | G63: 250 | H63: 250 | I63: 250 | J63: 250 | K63: 250 | L63: 250 | M63: 250 | N63: 250 | O63: =SUM(Kanaalmarketingbudget!$C63:$N63) -> 3000
A64: Kanaal ondersteuning | C64: 600 | D64: 600 | E64: 600 | F64: 600 | G64: 600 | H64: 600 | I64: 600 | J64: 600 | K64: 600 | L64: 600 | M64: 600 | N64: 600 | O64: =SUM(Kanaalmarketingbudget!$C64:$N64) -> 7200
A65: Andere uitgaven bedragen £ (000) | C65: =SUM(C62:C64) -> 900 | D65: =SUM(D62:D64) -> 900 | E65: =SUM(E62:E64) -> 900 | F65: =SUM(F62:F64) -> 900 | G65: =SUM(G62:G64) -> 900 | H65: =SUM(H62:H64) -> 900 | I65: =SUM(I62:I64) -> 900 | J65: =SUM(J62:J64) -> 900 | ... O65: =SUM(O62:O64) -> 10800
A67: TOTAAL MARKETINGBUDGET: | C67: =SUM(OtherExpenses[[#Totals],[Maand 1]],CAR[[#Totals],[Maand 1]],Retailer[[#Totals],[Maand 1]],Dstributors[[#Totals],[Maand 1]],AgentAndBroker[[#Totals],[Maand 1]],C31) -> 6354 | D67: =SUM(OtherExpenses[[#Totals],[Maand 2]],CAR[[#Totals],[Maand 2]],Retailer[[#Totals],[Maand 2]],Dstributors[[#Totals],[Maand 2]],AgentAndBroker[[#Totals],[Maand 2]],D31) -> 5785.85 | E67: =SUM(OtherExpenses[[#Totals],[Maand 3]],CAR[[#Totals],[Maand 3]],Retailer[[#Totals],[Maand 3]],Dstributors[[#Totals],[Maand 3]],AgentAndBroker[[#Totals],[Maand 3]],E31) -> 5834.4375 | F67: =SUM(OtherExpenses[[#Totals],[Maand 4]],CAR[[#Totals],[Maand 4]],Retailer[[#Totals],[Maand 4]],Dstributors[[#Totals],[Maand 4]],AgentAndBroker[[#Totals],[Maand 4]],F31) -> 5902.05 | G67: =SUM(OtherExpenses[[#Totals],[Maand 5]],CAR[[#Totals],[Maand 5]],Retailer[[#Totals],[Maand 5]],Dstributors[[#Totals],[Maand 5]],AgentAndBroker[[#Totals],[Maand 5]],G31) -> 5916.348 | H67: =SUM(OtherExpenses[[#Totals],[Maand 6]],CAR[[#Totals],[Maand 6]],Retailer[[#Totals],[Maand 6]],Dstributors[[#Totals],[Maand 6]],AgentAndBroker[[#Totals],[Maand 6]],H31) -> 5935.6875 | I67: =SUM(OtherExpenses[[#Totals],[Maand 7]],CAR[[#Totals],[Maand 7]],Retailer[[#Totals],[Maand 7]],Dstributors[[#Totals],[Maand 7]],AgentAndBroker[[#Totals],[Maand 7]],I31) -> 5976.9 | J67: =SUM(OtherExpenses[[#Totals],[Maand 8]],CAR[[#Totals],[Maand 8]],Retailer[[#Totals],[Maand 8]],Dstributors[[#Totals],[Maand 8]],AgentAndBroker[[#Totals],[Maand 8]],J31) -> 6015.84 | K67: =SUM(OtherExpenses[[#Totals],[Maand 9]],CAR[[#Totals],[Maand 9]],Retailer[[#Totals],[Maand 9]],Dstributors[[#Totals],[Maand 9]],AgentAndBroker[[#Totals],[Maand 9]],K31) -> 6031.8 | L67: =SUM(OtherExpenses[[#Totals],[Maand 10]],CAR[[#Totals],[Maand 10]],Retailer[[#Totals],[Maand 10]],Dstributors[[#Totals],[Maand 10]],AgentAndBroker[[#Totals],[Maand 10]],L31) -> 6001.8 | M67: =SUM(OtherExpenses[[#Totals],[Maand 11]],CAR[[#Totals],[Maand 11]],Retailer[[#Totals],[Maand 11]],Dstributors[[#Totals],[Maand 11]],AgentAndBroker[[#Totals],[Maand 11]],M31) -> 6056.8 | N67: =SUM(OtherExpenses[[#Totals],[Maand 12]],CAR[[#Totals],[Maand 12]],Retailer[[#Totals],[Maand 12]],Dstributors[[#Totals],[Maand 12]],AgentAndBroker[[#Totals],[Maand 12]],N31) -> 6001.8 | O67: =SUM(C67:N67) -> 71813.313
